 Dungeon Crawl Stone Soup version 0.19.0-18-g426998a (webtiles) character file.

121 Lochraine the Bolt Thrower (level 5, -5/29 HPs)
             Began as a Kobold Arcane Marksman on Nov 11, 2016.
             Slain by a centaur (6 damage)
             ... on level 4 of the Dungeon.
             The game lasted 00:03:35 (1493 turns).

Lochraine the Bolt Thrower (Kobold Arcane Marksman) Turns: 1493, Time: 00:03:35

Health: -5/29      AC:  2    Str:  8    XL:     5   Next: 26%
Magic:  8/8        EV: 21    Int: 14    God:
Gold:   44         SH:  0    Dex: 21    Spells: 1 memorised, 7 levels left

rFire  . . .     SeeInvis .     a - +0 hand crossbow
rCold  . . .     Gourm    .     e - +0 robe
rNeg   . . .     Faith    .     (shield restricted)
rPois  .         Spirit   .     (no helmet)
rElec  .         Reflect  .     (no cloak)
rCorr  .         Harm     .     (no gloves)
MR     .....                    (no boots)
Stlth  +++.......               (no amulet)
                                (no ring)
                                (no ring)

@: agile
A: carnivore 3
a: no special abilities


You were on level 4 of the Dungeon.
You were completely stuffed.

You visited 1 branch of the dungeon, and saw 4 of its levels.

You collected 44 gold pieces.

Inventory:

Hand Weapons
 a - a +0 hand crossbow (weapon)
 b - a +0 short sword
Missiles
 d - 11 bolts (quivered)
Armour
 e - a +0 robe (worn)
Scrolls
 g - a scroll of random uselessness {unknown}
 i - a scroll of blinking {unknown}
 k - 3 scrolls of identify {unknown}
 l - a scroll of enchant armour {unknown}
 n - a scroll of remove curse {unknown}
Potions
 m - a potion of flight {unknown}
Books
 c - a book of Debilitation

   Spells                             Type                      Level
   a - Corona                         Hexes                        1
   b - Slow                           Hexes                        2
   c - Gell's Gravitas                Hexes/Translocation          3
   d - Inner Flame                    Hexes/Fire                   3
   e - Cause Fear                     Hexes                        4
   f - Leda's Liquefaction            Hexes/Earth                  4
Comestibles
 f - a meat ration


   Skills:
 - Level 1.1 Fighting
 * Level 4.7 Crossbows
 - Level 2.4 Dodging
 + Level 2.4 Spellcasting
 + Level 3.6 Hexes


You had 7 spell levels left.
You knew the following spells:

 Your Spells              Type           Power        Failure   Level  Hunger
a - Corona                Hex            ##.....      6%          1    #......


Dungeon Overview and Level Annotations

Branches:
Dungeon (4/15)
 Temple: D:4-7

Altars:

Annotations:
D:2 Sigmund


Innate Abilities, Weirdness & Mutations

You are small and have problems with some larger weapons.
You are carnivorous and can eat meat at any time.


Message History

The centaur is moderately wounded.
The centaur shoots an arrow.
The arrow hits you but does no damage.
The centaur shoots an arrow.
The arrow hits you!
* * * LOW HITPOINT WARNING * * *
A howler monkey skeleton comes into view.
You are too injured to fight recklessly!
The centaur skeleton closely misses you.
Found a leather armour.
The centaur skeleton closely misses you.
The centaur skeleton closely misses you.
The centaur shoots an arrow.
The arrow hits you.
* * * LOW HITPOINT WARNING * * *
You see here an arrow.
The centaur skeleton closely misses you.
It was a potion of agility.
You feel agile all of a sudden.
The centaur skeleton completely misses you.
The centaur unwields an uncursed shortbow.
The centaur hits you.
You die...

######.####.^.### #......<.#.
#...........#...## #..........
#.>.........###..####..........
#............................##
#..........###....###..........
#..................#####.######
#..................# #...#
#............c.....##..#.#
#............Z@.......##.#
#.........(#####.........#
#######.....######..###..
#.#..........(# #...##.##.###(#
######.##.##.>.......
#.##....c.......
....###......... ..[.
.c........


You could see a centaur and a centaur skeleton.

Vanquished Creatures
  A hound (D:4)
  2 worker ants (D:4)
  2 dart slugs (D:1)
  A leopard gecko (D:1)
  An orc (D:4)
  6 bats (D:1)
  3 giant cockroaches
  4 goblins
  A hobgoblin (D:1)
  5 jackals (D:1)
  3 frilled lizards (D:1)
  6 kobolds (D:1)
  A leopard gecko skeleton (D:4)
  2 rats
38 creatures vanquished.

Notes
Turn   | Place    | Note
-------+----------+-------------------------------------------
     0 | D:1      | Lochraine the Kobold Arcane Marksman began the quest for the Orb.
     0 | D:1      | Reached XP level 1. HP: 12/12 MP: 2/2
   213 | D:1      | Reached XP level 2. HP: 16/16 MP: 4/4
   282 | D:1      | Reached skill level 3 in Crossbows
   458 | D:1      | Reached XP level 3. HP: 20/20 MP: 5/5
  1141 | D:2      | Noticed Sigmund
  1163 | D:4      | Reached skill level 4 in Crossbows
  1163 | D:4      | Reached XP level 4. HP: 17/25 MP: 5/7
  1417 | D:4      | Reached XP level 5. HP: 29/29 MP: 8/8
  1475 | D:4      | Noticed a centaur
  1488 | D:4      | HP: 1/29 [centaur/arrow (5)]
  1493 | D:4      | Slain by a centaur

Skill      XL: |  1  2  3 |
---------------+----------+-----
Crossbows      | 3 4 |  4.7
Spellcasting   | 2 |  2.4
Fighting       | |  1.1
Dodging        | |  2.4
Hexes          | |  3.6

Action                   |  1- 3 |  4- 6 || total
-------------------------+-------+-------++-------
Melee: Short sword       |    69 |       ||    69
 Fire: Hand crossbow     |    40 |    19 ||    59
  Use: Potion            |       |     1 ||     1
  Eat: Chunk             |     9 |     1 ||    10
Armor: Robe              |    22 |     3 ||    25
Dodge: Dodged            |    73 |    14 ||    87
